 Dungeon Crawl Stone Soup version 0.24.0-1-gfbc8707122 (webtiles) character file.

Game seed: 14382714993541136357, levelgen mode: deterministic

16 Mrkan the Poker (level 2, -1/24 HPs)
             Began as a Merfolk Abyssal Knight on Oct 26, 2019.
             Was a Follower of Lugonu.
             Slain by a jackal (2 damage)
             ... on level 1 of the Dungeon.
             The game lasted 00:01:22 (299 turns).

Mrkan the Poker (Merfolk Abyssal Knight)             Turns: 299, Time: 00:01:23

Health: -1/24      AC:  3    Str: 12      XL:     2   Next: 54%
Magic:  3/3        EV: 12    Int: 10 (11) God:    Lugonu [*.....]
Gold:   34         SH:  0    Dex: 13      Spells: 1/1 levels left

rFire    . . .     SeeInvis .   a - +1 spear
rCold    . . .     Gourm    .   (no shield)
rNeg     . . .     Faith    .   b - +0 leather armour
rPois    .         Spirit   .   (no helmet)
rElec    .         Reflect  .   (no cloak)
rCorr    .         Harm     .   (no gloves)
MR       .....                  (no boots)
Stlth    +.........             (no amulet)
HPRegen  0.08/turn              (no ring)
MPRegen  0.08/turn              (no ring)

@: no status effects
A: change form in water, swift swim, stealthy swim, deterioration 1
a: Depart the Abyss, Renounce Religion


You were on level 1 of the Dungeon.
You worshipped Lugonu.
Lugonu was aware of your devotion.
You were not hungry.

You visited 1 branch of the dungeon, and saw 1 of its levels.
You visited the Abyss 1 time.

You collected 34 gold pieces.

Inventory:

Hand Weapons
 a - a +1 spear (weapon)
Armour
 b - a +0 leather armour (worn)
Jewellery
 e - a +2 ring of evasion {unknown}
Scrolls
 d - 2 scrolls of blinking {unknown}
Potions
 f - a potion of mutation
Comestibles
 c - a ration


   Skills:
 + Level 3.5 Fighting
 * Level 3.9 Polearms
 - Level 0.6 Armour
 - Level 2.6 Dodging
 + Level 2.3 Invocations


You had one spell level left.
You didn't know any spells.
Your spell library was empty.

Dungeon Overview and Level Annotations

Branches:
Dungeon (1/15)

Altars:


Innate Abilities, Weirdness & Mutations

You revert to your normal form in water.
You are very nimble and swift while swimming.
You are very stealthy in the water. (Stealth+)
Your body sometimes deteriorates upon taking damage.


Message History

a stone; a +0 club; a crystal plate armour The kobold throws a stone.
The stone completely misses you.
The kobold throws a stone.
The stone barely misses you.
A rat comes into view.
The rat moves out of view.
Found a stone staircase leading down.
The rat closely misses you.
The kobold throws a stone.
The stone hits you but does no damage.
You see here a stone.
The kobold throws a stone.
The stone hits you but does no damage.
You see here a stone.
A ball python comes into view.
The ball python hisses angrily.
The kobold throws a stone.
The stone misses you.
You see here a stone.
The rat closely misses you. The jackal bites you.
* * * LOW HITPOINT WARNING * * *
The jackal bites you.
You die...

#............(h#
#...#...###.K... #...#)#.#
#.##.. #.......###.##.# #
#######........##.#..# #
#....#..............##
#....#.##............. ###
#....#.r..S....#######
'.##########....@h..K.....#
'..........).)..##.##.....#
'.##########....#..##.....#
### #....#.###.....# #
#....## ####### # ###### #
# #


You could see a jackal, a ball python, a kobold and a rat.

Vanquished Creatures
  An ooze (D:1)
  A goblin (D:1)
  2 hobgoblins (D:1)
  2 jackals (D:1)
  A bat (D:1)
  A kobold (D:1)
  3 rats (D:1)
11 creatures vanquished.

Notes
Turn   | Place    | Note
-------+----------+-------------------------------------------
     0 | Abyss:1  | Mrkan the Merfolk Abyssal Knight began the quest for the
                  | Orb.
     0 | Abyss:1  | Reached XP level 1. HP: 18/18 MP: 2/2
    52 | Abyss:1  | Found a corrupted altar of Lugonu.
    54 | Abyss:1  | Noticed a starcursed mass
    67 | D:1      | Escaped the Abyss
   209 | D:1      | Reached XP level 2. HP: 24/24 MP: 3/3
   261 | D:1      | Gained mutation: You are weak. (Str -2) [potion of
                  | mutation]
   261 | D:1      | Gained mutation: Your body sometimes deteriorates upon
                  | taking damage. [potion of mutation]
   261 | D:1      | Lost mutation: You are weak. (Str -2) [potion of mutation]
   268 | D:1      | HP: 1/24 [kobold/stone (1)]
   296 | D:1      | HP: 1/24 [jackal (2)]
   299 | D:1      | Slain by a jackal

Levels and vault maps discovered:
D:1:      kennysheep_arrival_seaside, layout_rooms

Action                   || total
-------------------------++-------
Melee: Spear             ||    40
  Use: Potion            ||     1
Armor: Leather armour    ||    10
Dodge: Dodged            ||    34
